 Dungeon Crawl Stone Soup version 0.29-a0-483-g69413ace17 (webtiles) character file.

Game seed: 14633067721851895893

236 roflturtle the Firebug (level 6, -1/32 HPs)
             Began as a Tengu Fire Elementalist on May 25, 2022.
             Succumbed to a scorpion's poison
             ... on level 4 of the Dungeon.
             The game lasted 00:09:10 (3398 turns).

roflturtle the Firebug (Tengu Fire Elementalist)    Turns: 3398, Time: 00:09:10

Health: -1/32      AC:  2    Str:  8    XL:     6   Next: 6%
Magic:  0/11       EV: 14    Int: 17    God:
Gold:   158        SH:  0    Dex: 15    Spells: 1/11 levels left

rFire   . . .      SeeInvis .   c - +0 short sword
rCold   . . .      Faith    .   (no shield)
rNeg    . . .      Spirit   .   a - +0 robe
rPois   .          Reflect  .   (helmet restricted)
rElec   .          Harm     .   (no cloak)
rCorr   .          Rampage  .   (no gloves)
Will    .....                   (boots unavailable)
Stlth   ++........              (no amulet)
HPRegen 0.10/turn               (no ring)
MPRegen 0.12/turn               (no ring)

@: lethally poisoned (-1 -> -16), flying quickly and evasively, quick
A: beak, talons 3, nimble flight
a: no special abilities


You were on level 4 of the Dungeon.
You visited 1 branch of the dungeon, and saw 4 of its levels.

You collected 158 gold pieces.

Inventory:

Hand Weapons
 c - a +0 short sword (weapon)
Armour
 a - a +0 robe (worn)
Jewellery
 p - an amulet of the acrobat
Scrolls
 e - a scroll of noise {unknown}
 f - a scroll of blinking {unknown}
 g - 4 scrolls of fog {unknown}
 i - a scroll of teleportation {unknown}
 j - 3 scrolls of identify {unknown}
 k - a scroll of immolation {unknown}
 o - a scroll of poison {unknown}
Potions
 b - a potion of magic
 d - 2 potions of cancellation {unknown}
 h - 2 potions of haste {unknown}
 l - a potion of flight {unknown}
 m - a potion of lignification {unknown}
 n - a potion of attraction {unknown}
 q - a potion of berserk rage {unknown}


   Skills:
 - Level 2.1 Dodging
 - Level 2.0 Stealth
 - Level 3.0 Spellcasting
 - Level 3.0 Conjurations
 - Level 2.2 Hexes
 + Level 4.9 Fire Magic


You had one spell level left.
You knew the following spells:

 Your Spells              Type           Power      Damage    Failure   Level
a - Foxfire               Conj/Fire      64%        2x1d7     3%          1
b - Scorch                Fire           38%        2d7       3%          2
c - Inner Flame           Hex/Fire       14%        N/A       12%         3
d - Flame Wave            Conj/Fire      16%        2d6       32%         4

Your spell library contained the following spells:

 Spells                   Type           Power      Damage    Failure   Level
 Sting                    Tmut/Pois      8%         1d3       17%         1
 Conjure Flame            Conj/Fire      16%        6-21      10%         3
 Poisonous Vapours        Pois/Air       4%         N/A       26%         2
 Olgreb's Toxic Radiance  Pois           2%         N/A       86%         4


Dungeon Overview and Level Annotations

Branches:
Dungeon (4/15)
 Temple: D:4-7

Altars:


Innate Abilities, Weirdness & Mutations

You have a beak for a mouth.
You have claws for feet.
Your magical nature lets you fly swiftly and evasively.


Message History

The scorpion is moderately wounded.
The foxfire hits the scorpion but does no damage.
The scorpion is moderately wounded.
The foxfire hits the scorpion.
The scorpion is heavily wounded.
The foxfire hits the scorpion but does no damage.
The scorpion is heavily wounded.
The endoplasm jiggles.
The scorpion completely misses you.
You conjure some foxfire!
You feel sick. The scorpion stings you.
You conjure some foxfire!
You feel sick.
The foxfire hits the scorpion but does no damage.
The scorpion is heavily wounded.
The foxfire hits the scorpion but does no damage.
The scorpion is heavily wounded.
The scorpion misses you.
You hit the scorpion but do no damage.
The scorpion is heavily wounded.
You feel sick.
The foxfire hits the scorpion.
The scorpion is heavily wounded.
The foxfire hits the scorpion.
The scorpion is severely wounded.
The scorpion stings you.
You are lethally poisoned!
The scorpion poisons you! The scorpion stings you.
You are too injured to fight recklessly!
You are too injured to fight recklessly!
Unknown command.
Casting: Foxfire (safe; 3% risk of failure)
Confirm with . or Enter, or press ? or * to list all spells.
Flames lash the endoplasm.
You kill the endoplasm!
* * * LOW HITPOINT WARNING * * *
You feel very sick. The scorpion stings you.
* * * LOW HITPOINT WARNING * * *
Casting: Foxfire (safe; 3% risk of failure)
Press: ? - help, Q - select action, (/) - cycle Dir - look around, f - activate You conjure some foxfire!
You die...

#..# #.#.##
...##########....####
....................+
...########.#.....###
#..# #.#.#...# ##.#
#.#.....# #.#
#.###...# #.#
#.####v.# #.#
#....v@.# #.#
######s## #.# #.# #.#
#)# #.# #.. #.# ###
##.# ...# ####


You could see a scorpion (ally target).

Vanquished Creatures
  An ogre (D:4)
  A scorpion (D:4)
  2 adders (D:3)
  An ufetubus (D:4)
  A worm (D:4)
  2 dart slugs
  An orc (D:3)
  3 endoplasms
  5 giant cockroaches
  4 goblins
  5 hobgoblins
  16 jackals
  5 kobolds
  A quokka (D:3)
  4 ball pythons
  3 bats
  A frilled lizard (D:3)
  3 rats
59 creatures vanquished.

Vanquished Creatures (others)
  211 foxfires
  A fungus (D:2)
  3 plants (D:2)
215 creatures vanquished.

Grand Total: 274 creatures vanquished

Notes
Turn   | Place    | Note
-------+----------+-------------------------------------------
     0 | D:1      | roflturtle the Tengu Fire Elementalist began the quest for
                  | the Orb.
     0 | D:1      | Reached XP level 1. HP: 10/10 MP: 4/4
    90 | D:1      | Reached XP level 2. HP: 15/15 MP: 0/6
   649 | D:1      | Reached XP level 3. HP: 19/19 MP: 5/8
  1083 | D:2      | Learned a level 2 spell: Scorch
  1087 | D:2      | Learned a level 3 spell: Inner Flame
  1425 | D:2      | Reached skill level 4 in Fire Magic
  1668 | D:2      | You fall into a shaft and drop 1 floor!
  1963 | D:3      | Reached XP level 4. HP: 24/24 MP: 2/9
  2868 | D:4      | Noticed an ogre
  2873 | D:4      | Killed an ogre
  2874 | D:4      | Gained mutation: Your magical nature lets you fly swiftly
                  | and evasively. [Tengu growth]
  2874 | D:4      | Reached XP level 5. HP: 28/28 MP: 0/10
  3077 | D:4      | Reached XP level 6. HP: 29/32 MP: 1/11
  3094 | D:4      | Learned a level 4 spell: Flame Wave
  3398 | D:4      | Succumbed to a scorpion's poison

Illustrated notes

Levels and vault maps discovered:
D:1:      dpeg_arrival_simpleton_c, layout_basic
D:2:      layout_basic, shapermc_ecumenical_altar_rom_forum,
          grunt_decor_one_mirror
D:3:      layout_basic, minivault_24, minmay_misc_feat_alley,
          minmay_crystal_water, minivault_14, chequers_mini_garden
D:4:      old_forge, layout_loops_corners

Skill      XL: |  1  2  3  4 |
---------------+-------------+-----
Spellcasting   | 3 |  3.0
Fire Magic     | 4 |  4.9
Conjurations   | 2 3 |  3.0
Hexes          | 2 |  2.2
Dodging        | |  2.1
Stealth        | |  2.0

Action                   |  1- 3 |  4- 6 || total
-------------------------+-------+-------++-------
Melee: Short sword       |    23 |     6 ||    29
       Peck              |     2 |       ||     2
       Kick              |     6 |     2 ||     8
 Cast: Foxfire           |    83 |    44 ||   127
       Scorch            |       |     4 ||     4
 Stab: Sleeping          |     1 |     1 ||     2
Armor: Robe              |     4 |     1 ||     5
Dodge: Dodged            |    14 |     6 ||    20

Table legend: (Time is in decaauts)
 A = Elapsed time spent in this place.
 B = Non-inter-level travel time spent in this place.
 C = Inter-level travel time spent in this place.
 D = Time resting spent in this place.
 E = Time spent auto-exploring this place.
 F = Levels seen in this place.
 G = Mean time per level.
                   A        B        C        D        E       F      G
               +--------+--------+--------+--------+--------+-----+--------+
         Total |   3371 |   3317 |     54 |      0 |   2941 |   4 |  842.8 |
       Dungeon |   3371 |   3317 |     54 |      0 |   2941 |   4 |  842.8 |
               +--------+--------+--------+--------+--------+-----+--------+

Top non-repeatable levels by time:
     D:3: 1076 daAuts
     D:1: 1063 daAuts
     D:4: 625 daAuts
     D:2: 605 daAuts
